 Dungeon Sprint DCSS version 0.22-a0-355-g201945f (webtiles) character file.

459 emperorscorpion the Quickloader (level 6, 0/57 HPs)
             Began as a Minotaur Hunter on Apr 17, 2018.
             Was a Follower of Okawaru.
             Slain by a tengu warrior
             ... wielding a +0 glaive
              (8 damage)
             ... in the Dungeon (Sprint IX: "|||||||||||||||||||||||||||||").
             The game lasted 00:02:20 (241 turns).

emperorscorpion the Quickloader (Minotaur Hunter)    Turns: 241, Time: 00:02:22

Health: 0/57       AC: 13    Str: 19    XL:     6   Next: 78%
Magic:  3/5        EV: 12    Int: 11    God:    Okawaru [*.....]
Gold:   0          SH:  0    Dex: 13    Spells: 5/5 levels left

rFire    . . .     SeeInvis .   b - +1 hand crossbow
rCold    . . .     Gourm    .   (no shield)
rNeg     . . .     Faith    .   s - +1 chain mail
rPois    .         Spirit   .   (helmet restricted)
rElec    .         Reflect  .   (no cloak)
rCorr    .         Harm     .   r - +0 pair of gloves
MR       .....     NoTele   +   (no boots)
Stlth    +.........             (no amulet)
HPRegen  0.19/turn              t - +3 ring of strength
MPRegen  0.09/turn              u - +3 ring of intelligence

@: heroism
A: retaliatory headbutt, horns 2
a: Heroism, Renounce Religion


You were in the Dungeon.
You worshipped Okawaru.
Okawaru was aware of your devotion.
You were not hungry.

You visited 1 branch

Inventory:

Hand Weapons
 a - a +2 scimitar of flaming
 b - a +1 hand crossbow (weapon)
 q - a +0 short sword
Missiles
 d - 14 bolts (quivered)
Armour
 c - a +0 leather armour
 r - a +0 pair of gloves (worn)
 s - a +1 chain mail (worn)
Magical Staves
 p - an uncursed staff of energy
Jewellery
 t - a +3 ring of strength (left hand)
 u - a +3 ring of intelligence (right hand)
Wands
 o - a wand of iceblast (10)
Scrolls
 k - 2 scrolls of blinking
 m - 3 scrolls of remove curse
 n - 2 scrolls of amnesia
Potions
 e - 5 potions of curing
 g - 2 potions of heal wounds
 h - a potion of haste
 i - 4 potions of magic
 l - a potion of invisibility
Comestibles
 f - a ration


   Skills:
 + Level 5.6(10.6) Fighting
 - Level 3.4(8.7) Short Blades
 + Level 1.9(8.1) Long Blades
 + Level 13.1(18.1) Crossbows
 + Level 3.4(8.4) Armour
 + Level 4.7(9.7) Dodging
 + Level 3.2(8.2) Stealth


You had 5 spell levels left.
You didn't know any spells.

Dungeon Overview and Level Annotations

Branches:
Dungeon (1/1)

Altars:
Cheibriados
Dithmenos
Elyvilon
Fedhas
Gozag
Hepliaklqana
Kikubaaqudgha
Makhleb
Nemelex Xobeh
Okawaru
Qazlal
Ru
Sif Muna
Trog
Uskayaw
Vehumet
Wu Jian
Xom
Yredelemnul
Zin
The Shining One
Beogh
Jiyva
Lugonu


Innate Abilities, Weirdness & Mutations

You reflexively headbutt those who attack you in melee.
You have a pair of horns on your head.


Message History

The bolt hits the manticore but does no damage.
Firing (i - inventory)
d - 16 bolts (quivered)
Press: ? - help, Shift-Dir - straight line, f/p - manticore
Aim: a manticore You shoot a bolt.
The bolt barely misses the manticore.
The bolt hits the tengu warrior!!
The tengu warrior is moderately wounded.
The manticore bites you!!
The manticore claws you but does no damage.
The manticore closely misses you. The tengu warrior misses you.
Firing (i - inventory)
d - 15 bolts (quivered)
Press: ? - help, Shift-Dir - straight line, f/p - manticore
Aim: a manticore You shoot a bolt.
The bolt hits the manticore!!
The manticore is heavily wounded.
The manticore bites you!! The manticore claws you!
* * * LOW HITPOINT WARNING * * *
The manticore claws you but does no damage.
The tengu warrior hits you from afar with a glaive!
You die... ▓▓▓▓▓▓▓▓▓▓▓▓▓▓▓▓▓▓▓▓▓▓▓▓ '...).[..[')....@HQ.OY.. ▓▓▓▓▓▓▓▓▓▓▓▓▓▓▓▓▓▓▓▓▓▓▓▓

You could see a tengu warrior, a two-headed ogre, a manticore and an ice beast.

Vanquished Creatures
  A yak (D)
  A sky beast (D)
  A scorpion (D)
  A wight (D)
  A howler monkey (D)
  An orc priest (D)
  A jelly (D)
  An iguana (D)
  A leopard gecko (D)
  An orc (D)
  3 bats (D)
  A hobgoblin (D)
  A jackal (D)
  A frilled lizard (D)
  A leopard gecko skeleton (D)
17 creatures vanquished.

Notes
Turn   | Place    | Note
-------+----------+-------------------------------------------
     0 | D        | emperorscorpion the Minotaur Hunter began the quest for the Orb.
     0 | D        | Reached XP level 1. HP: 18/18 MP: 0/0
     8 | D        | Reached skill level 5 in Crossbows
    10 | D        | Reached skill level 1 in Stealth
    20 | D        | Noticed an orc priest
    20 | D        | Noticed an iguana
    20 | D        | Noticed a sky beast
    20 | D        | Noticed a scorpion
    29 | D        | Killed an orc priest
    29 | D        | Reached skill level 1 in Short Blades
    29 | D        | Reached skill level 7 in Crossbows
    29 | D        | Reached XP level 2. HP: 26/26 MP: 1/1
    29 | D        | Reached XP level 3. HP: 31/31 MP: 2/2
    32 | D        | Reached skill level 8 in Crossbows
    37 | D        | Killed a sky beast
    37 | D        | Reached skill level 10 in Crossbows
    37 | D        | Reached skill level 1 in Armour
    37 | D        | Reached XP level 4. HP: 40/40 MP: 3/3
    37 | D        | Reached XP level 5. HP: 46/46 MP: 4/4
    38 | D        | Reached skill level 11 in Crossbows
    46 | D        | Found a roughly hewn altar of Beogh.
    46 | D        | Found a snail-covered altar of Cheibriados.
    46 | D        | Found a shadowy altar of Dithmenos.
    46 | D        | Found a white marble altar of Elyvilon.
    46 | D        | Found a blossoming altar of Fedhas.
    46 | D        | Found an opulent altar of Gozag.
    47 | D        | Found a hazy altar of Hepliaklqana.
    48 | D        | Found a viscous altar of Jiyva.
    49 | D        | Found an ancient bone altar of Kikubaaqudgha.
    50 | D        | Found a corrupted altar of Lugonu.
    51 | D        | Found a burning altar of Makhleb.
    52 | D        | Found a sparkling altar of Nemelex Xobeh.
    53 | D        | Found an iron altar of Okawaru.
    54 | D        | Found a stormy altar of Qazlal.
    55 | D        | Found a sacrificial altar of Ru.
    56 | D        | Found a deep blue altar of Sif Muna.
    57 | D        | Found a bloodstained altar of Trog.
    58 | D        | Found a hide-covered altar of Uskayaw.
    59 | D        | Found a radiant altar of Vehumet.
    60 | D        | Found an ornate altar of the Wu Jian Council.
    61 | D        | Became a worshipper of Warmaster Okawaru
    62 | D        | Found a shimmering altar of Xom.
    63 | D        | Found a basalt altar of Yredelemnul.
    64 | D        | Found a glowing silver altar of Zin.
    65 | D        | Found a glowing golden altar of the Shining One.
   117 | D        | Noticed a yak
   120 | D        | Reached skill level 12 in Crossbows
   120 | D        | Reached XP level 6. HP: 42/55 MP: 5/5
   128 | D        | Killed a yak
   128 | D        | Reached * piety under Okawaru
   128 | D        | Reached skill level 5 in Fighting
   128 | D        | Reached skill level 1 in Long Blades
   128 | D        | Reached skill level 13 in Crossbows
   237 | D        | Noticed a manticore
   237 | D        | Noticed a tengu warrior
   237 | D        | Noticed a sky beast
   237 | D        | Noticed a two-headed ogre
   237 | D        | Noticed an ice beast
   241 | D        | Slain by a tengu warrior

Vault maps used:
D:        linesprint

Skill      XL: |  1  2  3  4  5  6 |
---------------+-------------------+-----
Crossbows      | 7 10 12 13 | 13.1
Stealth        | 1 2 3 |  3.2
Fighting       | 3 4 5 |  5.6
Short Blades   | 1 2 3 |  3.4
Dodging        | 3 4 |  4.7
Armour         | 1 2 3 |  3.4
Long Blades    | 1 |  1.9

Action                   |  1- 3 |  4- 6 || total
-------------------------+-------+-------++-------
Melee: Short sword       |    23 |     1 ||    24
       Headbutt          |     5 |     2 ||     7
       Scimitar          |       |     9 ||     9
 Fire: Hand crossbow     |       |    10 ||    10
Invok: Heroism           |       |     1 ||     1
  Use: Potion            |     1 |     1 ||     2
 Stab: Sleeping          |     1 |       ||     1
Armor: Leather armour    |     4 |       ||     4
       Chain mail        |       |     7 ||     7
Dodge: Dodged            |     9 |     5 ||    14
       Rpst.: Scimitar   |       |     1 ||     1

Table legend:
 A = Spawn XP
 B = Non-spawn XP
 C = Spawn XP percentage of total XP
 D = Spawn monster count
 E = Non-spawn monster count
 F = Spawn count percentage of total count
 G = Total turns spent on level
                    A         B        C        D         E        F      G
               +---------+---------+-------+---------+---------+-------+---------
         Total |       0 |     656 |   0.0 |       0 |      17 |   0.0 |   241
               +---------+---------+-------+---------+---------+-------+---------
             D |       0 |     656 |   0.0 |       0 |      17 |   0.0 |   241
               +---------+---------+-------+---------+---------+-------+---------
